 Dungeon Crawl Stone Soup version 0.19.1 (webtiles) character file.

73 empire the Conjurer (level 4, -4/27 HPs)
             Began as a High Elf Conjurer on Dec 7, 2016.
             Shot with an arrow by a centaur (10 damage)
             ... on level 4 of the Dungeon.
             The game lasted 00:07:46 (2506 turns).

empire the Conjurer (High Elf Conjurer)             Turns: 2506, Time: 00:07:46

Health: -4/27      AC:  2    Str:  7    XL:     4   Next: 8%
Magic:  1/9        EV: 13    Int: 18    God:
Gold:   76         SH:  0    Dex: 17    Spells: 1 memorised, 8 levels left

rFire  . . .     SeeInvis .     a - +1 short sword (elec)
rCold  . . .     Gourm    .     k - +0 robe
rNeg   . . .     Faith    .     (no shield)
rPois  .         Spirit   .     (no helmet)
rElec  .         Reflect  .     (no cloak)
rCorr  .         Harm     .     (no gloves)
MR     .....                    (no boots)
Stlth  ++........               (no amulet)
                                (no ring)
                                (no ring)

@: no status effects
A: no striking features
a: no special abilities


You were on level 4 of the Dungeon.
You were very hungry.

You visited 1 branch of the dungeon, and saw 4 of its levels.

You collected 76 gold pieces.

Inventory:

Hand Weapons
 a - a +1 short sword of electrocution (weapon)
Missiles
 l - 23 arrows
Armour
 k - a +0 robe (worn)
Jewellery
 d - an uncursed ring of fire {unknown}
Potions
 e - 2 potions of degeneration
 f - a potion of cure mutation
 h - a potion of ambrosia {unknown}
 i - a potion of resistance {unknown}
 j - a potion of cancellation {unknown}
Books
 b - a book of Conjurations

   Spells                             Type                      Level
   a - Magic Dart                     Conjuration                  1
   b - Searing Ray                    Conjuration                  2
   c - Dazzling Spray                 Conjuration/Hexes            3
   d - Fulminant Prism                Conjuration/Hexes            4
   e - Iskenderun's Mystic Blast      Conjuration                  4
   f - Iskenderun's Battlesphere      Conjuration/Charms           5
Comestibles
 c - 3 bread rations
 g - 3 meat rations
 m - 3 fruits


   Skills:
 + Level 1.0 Short Blades
 + Level 3.0 Dodging
 + Level 3.1 Stealth
 + Level 3.0 Spellcasting
 + Level 4.9 Conjurations


You had 8 spell levels left.
You knew the following spells:

 Your Spells              Type           Power        Failure   Level  Hunger
a - Magic Dart            Conj           ###.         1%          1    None


Dungeon Overview and Level Annotations

Branches:
Dungeon (4/15)
 Temple: D:4-7

Altars:
Yredelemnul
The Shining One

Annotations:
D:3 Philosophy's ghost, amateur FoFi


Message History

The phantom barely misses you.
Casting: Magic Dart
Confirm with . or Enter, or press ? or * to list all spells.
Aiming: Magic Dart
Press: ? - help, Shift-Dir - straight line, f/p - phantom
Aim: a phantom (moderately damaged)
The magic dart hits the phantom.
The phantom is moderately damaged.
The phantom hits you.
The phantom blinks! x2; The centaur wields a shortbow.
The centaur shoots an arrow.
The arrow hits you!
A quokka comes into view.
The centaur shoots an arrow.
The arrow hits you.
* * * LOW HITPOINT WARNING * * *
You see here an arrow.
An adder comes into view.
The phantom blinks!
Found an escape hatch in the floor.
The adder hisses angrily.
The centaur shoots an arrow.
The arrow hits you!
You die...

......##....#....
..........#.........#
..........#.........#
..............ยง....#
).....r.......#....# .
...........W.......#..
..>........c.)........
.......W...#(........W
.......@...##(..c.....
...........###........
?...S.........<.......
S..........)..........
...............###....
..............## #..
.....o.......## .
.............# .......


You could see 2 phantoms, a centaur, 2 adders, an orc (wandering) and a quokka.

Vanquished Creatures
  An adder (D:2)
  An ooze (D:4)
  2 worms (D:2)
  2 dart slugs (D:3)
  3 leopard geckos
  2 bats
  A giant cockroach (D:1)
  4 goblins
  A hobgoblin (D:2)
  5 jackals
  9 kobolds
  A quokka (D:2)
  4 frilled lizards
  2 gnoll zombies (D:2)
  9 rats
47 creatures vanquished.

Notes
Turn   | Place    | Note
-------+----------+-------------------------------------------
     0 | D:1      | empire the High Elf Conjurer began the quest for the Orb.
     0 | D:1      | Reached XP level 1. HP: 11/11 MP: 4/4
   215 | D:1      | Reached XP level 2. HP: 17/17 MP: 3/6
   757 | D:2      | Reached XP level 3. HP: 21/21 MP: 1/8
  1008 | D:2      | Found a glowing golden altar of the Shining One.
  1210 | D:2      | Found a basalt altar of Yredelemnul.
  1895 | D:3      | Reached skill level 1 in Short Blades
  2269 | D:3      | Reached XP level 4. HP: 27/27 MP: 9/9
  2322 | D:3      | Noticed Philosophy's ghost (amateur FoFi)
  2350 | D:4      | Noticed a phantom
  2492 | D:4      | Noticed a phantom
  2499 | D:4      | Noticed a centaur
  2506 | D:4      | Shot with an arrow by a centaur

Skill      XL: |  1  2  3  4 |
---------------+-------------+-----
Stealth        | 3 |  3.1
Short Blades   | 1 |  1.0
Spellcasting   | 3 |  3.0
Dodging        | 3 |  3.0
Conjurations   | |  4.9

Action                   |  1- 3 |  4- 6 || total
-------------------------+-------+-------++-------
Melee: Unarmed           |    35 |       ||    35
       Short sword       |    39 |     1 ||    40
 Cast: Magic Dart        |    57 |    14 ||    71
  Use: Scroll            |     5 |       ||     5
       Potion            |     1 |       ||     1
 Stab: Sleeping          |     8 |     1 ||     9
  Eat: Chunk             |     4 |       ||     4
Armor: Robe              |    15 |     1 ||    16
Dodge: Dodged            |    58 |     2 ||    60
